 Dungeon Crawl Stone Soup version 0.30.0-12-gd5a94ecb5d (webtiles) character file.

Game seed: 3575432685982615972

95214 Gabide the Eclecticist (level 16, 0/126 HPs)
             Began as a Djinni Conjurer on May 17, 2023.
             Was the Champion of Dithmenos.
             Slain by an ettin
             ... wielding a +0 dire flail
              (26 damage)
             ... on level 13 of the Dungeon.
             The game lasted 01:14:26 (21308 turns).

Gabide the Eclecticist (Djinni Conjurer)           Turns: 21308, Time: 01:14:36

Health: 0/126      AC: 13    Str:  6    XL:     16   Next: 62%
Gold:   1932       EV: 11    Int: 33    God:    Dithmenos [******] SH:  7 Dex: 15

rFire   + + +        E - staff of fire
rCold   . . .        T - +2 buckler
rNeg    . . .        b - +1 ring mail of Evolution {Int+2}
rPois   ∞            i - +1 helmet
rElec   .            c - +1 cloak
rCorr   .            N - +0 pair of gloves
SInv    .            (boots unavailable)
Will    +....        z - amulet of regeneration
Stlth   ++           J - +6 ring of intelligence
HPRegen 1.21/turn    x - ring of protection from cold
MPRegen 0.00/turn

%: infuse magic (-1 HP)
@: flying, wreathed by umbra
A: sickness immunity, fire resistance 2, cold vulnerability 1, float, innate
caster, HP casting, extra vitality 1
a: Renounce Religion, Shadow Step, Shadow Form


You were on level 13 of the Dungeon.
You worshipped Dithmenos.
Dithmenos was exalted by your worship.
You visited 3 branches of the dungeon, and saw 19 of its levels.
You also visited: Bailey.

You collected 1932 gold pieces.

Inventory:

Hand Weapons
 a - a +3 dagger of venom
 v - the +2 double sword of Spontaneous Combustion {freeze, rF++ Int+2 Dex+3}
   (You acquired it on level 2 of the Lair of Beasts)

   Int:       It affects your intelligence (+2).
   Dex:       It affects your dexterity (+3).
   rF:        It greatly protects you from fire.
Missiles
 h - 8 atropa-tipped darts
 q - 4 datura-tipped darts
 s - 3 curare-tipped darts
 R - a throwing net
Armour
 b - the +1 ring mail of Evolution (worn) {Int+2}
   (You took it off an orc in a bailey)

   Int:       It affects your intelligence (+2).
 c - a +1 cloak (worn)
 i - a +1 helmet (worn)
 o - the +1 robe "Nepoc Fupan" {-Tele rF+ rC++ Dex+3}
   (You found it on level 1 of the Lair of Beasts)

   Dex:       It affects your dexterity (+3).
   rF:        It protects you from fire.
   rC:        It greatly protects you from cold.
   -Tele:     It prevents most forms of teleportation.
 r - a +1 robe of fire resistance
 N - a +0 pair of gloves (worn)
 T - a +2 buckler (worn)
Magical Staves
 E - a staff of fire (weapon)
Jewellery
 j - a ring of see invisible
 x - a ring of protection from cold (right hand)
 z - an amulet of regeneration (around neck)
 F - a ring of willpower
 J - a +6 ring of intelligence (left hand)
 M - a ring of protection from cold
 U - a ring of resist corrosion
 W - an amulet of faith
 X - a ring of protection from fire
Wands
 l - a wand of flame (58)
 m - a wand of light (15)
 p - a wand of iceblast (13)
 y - a wand of polymorph (3)
 A - a wand of digging (12)
Scrolls
 d - 8 scrolls of teleportation
 f - 2 scrolls of poison
 t - 4 scrolls of fog
 w - a scroll of magic mapping
 B - 2 scrolls of immolation
 C - 3 scrolls of identify
 D - 2 scrolls of vulnerability
 G - 2 scrolls of blinking
 K - a scroll of torment
 Q - 2 scrolls of enchant weapon
 V - a scroll of fear
 Y - a scroll of silence
Potions
 e - 5 potions of curing
 g - a potion of berserk rage
 k - a potion of invisibility
 n - 2 potions of brilliance
 u - 2 potions of attraction
 H - 2 potions of heal wounds
 L - a potion of haste
 O - 3 potions of mutation
 P - 3 potions of cancellation
 S - 2 potions of ambrosia
Miscellaneous
 I - a phial of floods


   Skills:
 + Level 15.1 Fighting
 - Level 6.0 Armour
 - Level 6.0 Dodging
 - Level 2.0 Stealth
 - Level 6.0 Shields
 * Level 16.1 Spellcasting


You knew the following spells:

 Your Spells              Type           Power      Damage    Failure   Level
a - Magic Dart            Conj           100%       1d8       0%          1
b - Searing Ray           Conj           100%       2d8       0%          2
c - Dazzling Flash        Conj/Hex       100%       N/A       1%          3
d - Fulminant Prism       Conj/Hex       46%        3d20      1%          4
e - Iskenderun's Mystic   Conj/Tloc      93%        2d18      1%          4
f - Shock                 Conj/Air       100%       1d9       0%          1
g - Momentum Strike       Conj/Tloc      100%       3d10      0%          2
h - Summon Guardian Gole  Hex/Summ       93%        N/A       1%          3
i - Swiftness             Air            93%        N/A       1%          3
j - Summon Lightning Spi  Summ/Air       93%        N/A       1%          4
k - Freezing Cloud        Conj/Ice/Air   46%        6-21      1%          5
l - Starburst             Conj/Fire      58%        6d15      1%          6
Your spell library was empty.

Dungeon Overview and Level Annotations

Branches:
Dungeon (13/15)            Temple (1/1) D:5            Lair (5/5) D:8
 Shoals (0/4) Lair:3       Spider (0/4) Lair:2        Slime (0/5) Lair:5
    Orc (0/2) D:12         Vaults (0/5) D:13         Bailey (visited)

Altars:
Ashenzari
Cheibriados
Dithmenos
Elyvilon
Fedhas
Gozag
Hepliaklqana
Makhleb
Nemelex Xobeh
Okawaru
Qazlal
Ru
Trog
Uskayaw
Wu Jian
Xom
Yredelemnul
Zin
The Shining One
Jiyva

Shops:
D:9 (


Innate Abilities, Weirdness & Mutations

You are immune to sickness and miasma.
You are immune to poison.
Your flesh is very heat resistant. (rF++)
You are vulnerable to cold. (rC-)
You float through the air rather than walking.
You learn spells naturally, not from books.
Your magical power is your life essence.
You have superior vitality. (+4 MHP)


Message History

You reach down and open the large door. 2 ettins come into view.
The ettin shouts in stereo!
Found a twisted leather armour and a blackened zirconium amulet.
The ettin attacks as you move away!
The ettin hits you with a +0 dire flail.
The ettin hits you with a +0 dire flail!
You feel a surge of power!
The tree burns like a torch! x2
The bolt of fire hits the ettin!!!
The ettin is severely wounded.
The tree burns like a torch! x2
The ettin hits you with a +0 dire flail!!
You emit a cloud of dark smoke.
The ettin hits you with a +0 dire flail!!!
* * * LOW HITPOINT WARNING * * *
The forest fire spreads! x2
Casting: Starburst (dangerous; 1% risk of failure)
Confirm with . or Enter, or press ? or * to list all spells.
Okay, then.
Unknown command.
Unknown command.
Press: ? - help, v - describe, . - travel
Here: an ettin, wielding two +0 dire flails (black smoke, severely wounded, umbra)
The floor.
Unknown command.
Unknown command.
Okay, then.
Unknown command.
Unknown command.
Press: ? - help, v - describe, . - travel
Here: an ettin, wielding two +0 dire flails (black smoke, severely wounded, umbra)
The floor.
Unknown command.
As you read the scroll of fear, it crumbles to dust.
You assume a fearsome visage.
The ettin easily resists.
The ettin resists with almost no effort.
The ettin hits you with a +0 dire flail!
* * * LOW HITPOINT WARNING * * *
The ettin hits you with a +0 dire flail!!
You die...

.........#♣.###########..#.......
.........#♣♣.............###.....
...####### ######.######## #####.
...#.. .. ♣.♣♣♣♣♣♣♣ ♣.♣.#. ...#.♣
♣.# ♣.......♣ ♣♣..#. ...#.♣
♣.#♣♣♣♣♣♣♣♣♣♣♣♣♣.♣ ♣♣...#.
...#.♣♣♣.#♣.....§§§...♣.♣#♣..♣.#.
...#.....#♣.♣♣§§§§§♣♣.♣.♣#...♣.#.
...#...♣.#♣.♣.§§@CC#♣.♣.♣#...♣.#.
...#.....#♣.♣.####§#♣...♣#...♣.#.
............♣.#[.'.#...........).
...#.....#♣.♣.#".'.#....♣#....)#.
...#.....#♣...######....♣#...))#.
...#...♣.#....♣♣♣♣♣♣♣.♣.♣#.....#.
...#..♣♣.#...(..........♣#♣....#.
...#.♣♣♣.#....♣....♣♣.♣.♣#.....#.
...#.♣ ♣.#♣.............♣#.....#.


You could see 2 ettins.

Vanquished Creatures
  Erolcha (D:10)
  2 centaur warriors (D:13)
  5 hydras
  2 boulder beetles
  5 two-headed ogres
  6 death yaks
  2 skysharks (Lair:5)
  A skeletal warrior (D:13)
  2 lindwurms
  2 harpies (Lair:3)
  A deep elf pyromancer (D:13)
  An orc sorcerer (Bailey)
  2 cyclopes (D:13)
  A wolf spider (D:13)
  A manticore (D:13)
  4 ugly things
  8 elephants
  4 black mambas
  A torpor snail (Lair:4)
  An unseen horror (D:12)
  7 gargoyles
  A molten gargoyle (D:12)
  18 cane toads
  2 rime drakes (Lair:5)
  9 komodo dragons
  6 kobold demonologists
  A queen bee (D:10)
  7 trolls
  A tyrant leech (Lair:5)
  17 blink frogs
  6 dream sheep (Lair:4)
  4 hornets
  2 shadows
  7 wraiths
  A centaur simulacrum (D:13)
  12 slime creatures
  6 wyverns
  45 yaks
  3 basilisks
  2 steam dragons
  Menkaure (D:7)
  8 vampire mosquitoes
  2 acid dragons
  15 water moccasins
  19 orc warriors
  A sky beast (D:7)
  3 ogres
  5 black bears
  10 wolves (Lair:2)
  4 centaurs
  A phantom (D:7)
  4 kobold brigands
  16 bullfrogs
  A gnoll sergeant (D:9)
  3 scorpions
  7 wights
  17 killer bees (D:10)
  10 electric eels
  10 howler monkeys
  A lava snake (D:12)
  4 jellies
  3 hounds
  6 orc priests
  2 hell rats (D:8)
  2 iguanas
  11 orc wizards
  Robin (D:4)
  5 adders
  5 gnolls (Bailey)
  2 river rats (D:8)
  4 white imps
  2 ufetubi
  3 worms
  3 dart slugs
  42 orcs
  11 ball pythons
  6 bats
  7 endoplasms
  5 giant cockroaches
  28 goblins
  11 hobgoblins
  32 kobolds
  6 quokkas
  3 frilled lizards
  7 rats
  5 butterflies (Lair:4)
563 creatures vanquished.

Vanquished Creatures (collateral kills)
  Josephine (Lair:3)
  2 elephants (Lair:3)
  A cane toad (Lair:3)
  A hornet (Lair:4)
  A blink frog (Lair:5)
  A wraith (Lair:3)
  3 yaks
  A water moccasin (Lair:3)
  A kobold brigand (D:8)
  A bullfrog (Lair:5)
  5 kobolds (D:8)
  A fulminant prism (Lair:1)
19 creatures vanquished.

Vanquished Creatures (others)
  2 death yaks (D:8)
  3 elephants
  An unseen horror (D:10)
  A yak (D:8)
  A kobold brigand (D:7)
  A kobold (D:7)
  26 fulminant prisms
35 creatures vanquished.

Grand Total: 617 creatures vanquished

Notes
Turn   | Place    | Note
-------+----------+-------------------------------------------
     0 | D:1      | Gabide the Djinni Conjurer began the quest for the Orb.
     0 | D:1      | Gabide set off with the following spells memorised: Magic
                  | Dart, Searing Ray, Dazzling Flash, Fulminant Prism,
                  | Iskenderun's Mystic Blast.
     0 | D:1      | Reached XP level 1. HP: 15/15 MP: 0/0
    86 | D:1      | Reached XP level 2. HP: 16/22 MP: 0/0
   207 | D:1      | Reached skill level 1 in Fighting
   251 | D:1      | Reached XP level 3. HP: 24/27 MP: 0/0
   251 | D:1      | Learned a level 1 spell: Shock
  1040 | D:2      | Found a sparkling altar of Nemelex Xobeh.
  1533 | D:3      | Noticed a scorpion
  1537 | D:3      | Killed a scorpion
  1538 | D:3      | Reached skill level 4 in Spellcasting
  1538 | D:3      | Reached XP level 4. HP: 30/33 MP: 0/0
  1538 | D:3      | Reached XP level 5. HP: 34/38 MP: 0/0
  1538 | D:3      | Learned a level 2 spell: Momentum Strike
  2182 | D:4      | Noticed an ogre
  2189 | D:4      | Killed an ogre
  2190 | D:4      | Reached XP level 6. HP: 35/46 MP: 0/0
  2197 | D:3      | Reached skill level 5 in Spellcasting
  2299 | D:4      | Noticed Robin
  2627 | D:4      | Killed Robin
  3786 | D:5      | Entered Level 5 of the Dungeon
  3792 | D:5      | Reached XP level 7. HP: 31/50 MP: 0/0
  3792 | D:5      | Learned a level 3 spell: Summon Guardian Golem
  3902 | D:5      | Found a staircase to the Ecumenical Temple.
  3919 | Temple   | Entered the Ecumenical Temple
  3988 | Temple   | Became a worshipper of Dithmenos the Shadowed
  4068 | D:5      | Identified the +5 hand axe of the Past {freeze, Stlth+}
  4404 | D:5      | Reached skill level 6 in Spellcasting
  4785 | D:6      | Noticed a wyvern
  4796 | D:6      | Killed a wyvern
  4797 | D:6      | Reached XP level 8. HP: 43/58 MP: 0/0
  4958 | D:6      | Reached skill level 5 in Fighting
  5129 | D:6      | Found a snail-covered altar of Cheibriados.
  5456 | D:6      | Reached skill level 7 in Spellcasting
  5715 | D:6      | Found a white marble altar of Elyvilon.
  5859 | D:6      | Reached * piety under Dithmenos
  6125 | D:7      | Reached XP level 9. HP: 56/66 MP: 0/0
  6125 | D:7      | Learned a level 3 spell: Swiftness
  6392 | D:7      | Noticed Menkaure
  6395 | D:7      | Killed Menkaure
  6396 | D:7      | Reached skill level 8 in Spellcasting
  6764 | D:7      | Reached ** piety under Dithmenos
  7344 | D:8      | Reached XP level 10. HP: 51/75 MP: 0/0
  7344 | D:8      | Noticed a death yak
  7362 | D:8      | Reached skill level 9 in Spellcasting
  7551 | D:8      | Noticed a two-headed ogre
  7563 | D:8      | Killed a two-headed ogre
  7646 | D:8      | Noticed a death yak
  7648 | D:8      | Noticed a death yak
  7669 | D:8      | Killed a death yak
  7686 | D:8      | Killed a death yak
  7687 | D:8      | Reached skill level 10 in Spellcasting
  7709 | D:8      | Killed a death yak
  7781 | D:8      | Noticed a gargoyle
  7791 | D:8      | Killed a gargoyle
  7792 | D:8      | Reached XP level 11. HP: 69/84 MP: 0/0
  7792 | D:8      | Learned a level 4 spell: Summon Lightning Spire
  7931 | D:8      | Reached *** piety under Dithmenos
  8257 | D:8      | Found a staircase to the Lair.
  8417 | D:8      | Reached skill level 11 in Spellcasting
  9063 | Lair:1   | Entered Level 1 of the Lair of Beasts
  9063 | Lair:1   | Noticed an elephant
  9063 | Lair:1   | Noticed an elephant
  9063 | Lair:1   | Noticed an elephant
  9063 | Lair:1   | Noticed an elephant
  9063 | Lair:1   | Noticed an elephant
  9074 | D:8      | Killed an elephant
  9253 | D:8      | Killed an elephant
  9477 | D:8      | Killed an elephant
  9478 | D:8      | Reached skill level 10 in Fighting
  9551 | Lair:1   | Killed an elephant
  9551 | Lair:1   | Killed an elephant
  9872 | Lair:1   | Reached XP level 12. HP: 55/92 MP: 0/0
 10053 | Lair:1   | Reached skill level 12 in Spellcasting
 10473 | Lair:1   | Identified the +1 robe "Nepoc Fupan" {-Tele rF+ rC++ Dex+3}
 10970 | Lair:2   | Found a hole to the Spider Nest.
 11049 | Lair:2   | Reached skill level 5 in Dodging
 11582 | Lair:2   | Identified a scroll of acquirement
 11582 | Lair:2   | Acquired the +2 double sword of Spontaneous Combustion
                  | {freeze, rF++ Int+2 Dex+3}
 11960 | Lair:3   | Noticed Josephine
 11963 | Lair:3   | Reached **** piety under Dithmenos
 11969 | Lair:3   | Killed Josephine
 12625 | Lair:3   | Found a staircase to the Shoals.
 12799 | Lair:3   | Reached XP level 13. HP: 61/102 MP: 0/0
 12799 | Lair:3   | Learned a level 5 spell: Freezing Cloud
 13148 | Lair:4   | Reached skill level 13 in Spellcasting
 13831 | Lair:4   | Noticed a four-headed hydra
 13866 | Lair:4   | Reached ***** piety under Dithmenos
 13913 | Lair:4   | Reached skill level 14 in Spellcasting
 13989 | Lair:4   | Killed a four-headed hydra
 13990 | Lair:4   | Reached XP level 14. HP: 102/111 MP: 0/0
 14458 | Lair:5   | Entered Level 5 of the Lair of Beasts
 14940 | Lair:5   | Reached skill level 15 in Spellcasting
 15087 | Lair:5   | Found a runed translucent door.
 15088 | Lair:5   | Found a viscous altar of Jiyva.
 15211 | Lair:5   | Found a staircase to the Slime Pits.
 15935 | D:9      | Found a glowing golden altar of the Shining One.
 16062 | D:9      | Found Gepp's Antique Weapon Shop.
 16108 | D:9      | Found a large runed translucent door.
 16110 | D:9      | Found a large runed translucent door.
 16117 | D:9      | Found a stormy altar of Qazlal.
 16126 | D:9      | Found an ornate altar of the Wu Jian Council.
 16302 | D:9      | Identified the +8 hand axe "Zuaphow" {heavy, rN+ Int-2
                  | SInv}
 16583 | D:9      | Found a broken altar of Ashenzari.
 16705 | D:9      | Found a hide-covered altar of Uskayaw.
 16724 | D:10     | Entered Level 10 of the Dungeon
 16787 | D:10     | Noticed Erolcha
 16793 | D:10     | Killed Erolcha
 16813 | D:10     | Found a blossoming altar of Fedhas.
 17093 | D:10     | Found a shimmering altar of Xom.
 17254 | D:10     | Found a flagged portal.
 17282 | Bailey   | Entered a bailey
 17384 | Bailey   | Acquired 576 gold pieces
 17753 | Bailey   | Reached ****** piety under Dithmenos
 17835 | Bailey   | Reached XP level 15. HP: 107/118 MP: 0/0
 17835 | Bailey   | Learned a level 6 spell: Starburst
 17870 | Bailey   | Found an iron altar of Okawaru.
 17901 | Bailey   | Identified the +1 ring mail of Evolution {Int+2}
 17998 | Bailey   | Reached XP level 16. HP: 124/124 MP: 0/0
 18134 | D:10     | Reached skill level 15 in Fighting
 18526 | D:10     | Reached skill level 16 in Spellcasting
 19100 | D:11     | Reached skill level 5 in Armour
 19344 | D:11     | Found a stormy altar of Qazlal.
 19710 | D:12     | Reached skill level 1 in Shields
 19909 | D:12     | Found a staircase to the Orcish Mines.
 20427 | D:13     | Found a gate to the Vaults.
 20467 | D:13     | Reached skill level 5 in Shields
 21308 | D:13     | Slain by an ettin

Illustrated notes

Levels and vault maps discovered:
D:1:      nzn_arrival_water_spiral, layout_basic, minmay_bisected
D:2:      layout_loops_ring, basic_altar
D:3:      layout_loops_ring
D:4:      layout_gridville, serial_co_window_serial, co_window_corner_a,
          co_window_paths_b, co_window_corner_a, co_window_paths_a,
          co_window_paths_a, co_window_2corner, co_window_of_opportunity_b,
          co_window_corner_b, co_window_corner_b, co_window_broadway_c,
          co_window_2corner, co_window_4corner_a, co_window_paths_d,
          glass_columns_b, glass_columns_a, glass_columns_c, uniq_robin
D:5:      layout_basic, minmay_temple_entry_mist
D:6:      layout_layer_cave, slow_altar_2, mainiacjoe_overflow_small_starburst
D:7:      layout_loops_ring, mrwooster_statue_mirror, solitary_fountain,
          uniq_menkaure
D:8:      cheibrodos_statue_roulette, layout_loops_cross, dpeg_lair_monsters,
          nicolae_ossuary_entry_plus
D:9:      layout_basic, tso_oasis_becter, jmf_multi_god_temple2,
          mainiacjoe_overflow_catwalk_spiral, serial_shops, shop
D:10:     layout_layer_cave, xom_confusion_cloud, amcnicky_altar_gilded,
          special_room [special_room_bee], enter_bailey_5, serial_glass,
          glass_columns_a, glass_columns_a, hangedman_decor_push,
          minmay_hedge_maze, uniq_erolcha
D:11:     minmay_evil_eye, layout_cave_pools, grunt_qazlal_sundering
D:12:     layout_roguey, david_orc_4, grunt_decor_junction
D:13:     nzn_winding_woodlands_cross [nzn_winding_woodlands_5x15_parted,
          nzn_winding_woodlands_5x15_pockets,
          nzn_winding_woodlands_5x15_concentric,
          nzn_winding_woodlands_5x15_longhouse,
          nzn_winding_woodlands_15x15_boxy_spiral], layout_cross, st_stairs_1
Temple:   cyrus_circular_temple
Lair:1:   layout_layer_cave
Lair:2:   layout_roguey, dummy_spider_entry
Lair:3:   layout_cave_pods, nicolae_shoals_entry_roost, uniq_josephine
Lair:4:   cheibrodos_lair_overgrown_chateau, layout_loops_ring,
          beast_lair_carwin_10, lemuel_fruit_fields, serial_bayou_shore_b,
          lemuel_fruit_fields
Lair:5:   minmay_lair_end_frog_pond, layout_regular_city, slime_entry_2

Skill      XL: |  1  2  3  4  5  6  7  8  9 10 11 12 13 14 15 16 |
---------------+-------------------------------------------------+-----
Fighting       | 1 2 3 4 5 7 9 10 12 13 14 15 | 15.1
Spellcasting   | 4 5 6 7 8 10 11 12 14 15 16 | 16.1
Stealth        | 2 |  2.0
Dodging        | 6 |  6.0
Armour         | 3 6 |  6.0
Shields        | 6 |  6.0

Action                     |  1- 3 |  4- 6 |  7- 9 | 10-12 | 13-15 | 16-18 || total
---------------------------+-------+-------+-------+-------+-------+-------++-------
  Melee: Dagger            |       |       |       |     8 |       |       ||     8
         Punch             |       |       |       |     1 |       |       ||     1
         Double sword      |       |       |       |     4 |    11 |       ||    15
         Staff             |       |       |       |       |       |     5 ||     5
   Cast: Magic Dart        |    30 |       |       |     1 |       |       ||    31
         Shock             |    38 |    61 |   163 |    33 |       |       ||   295
         Momentum Strike   |       |     9 |     8 |     3 |       |       ||    20
         Searing Ray       |       |    11 |       |     2 |       |       ||    13
         Dazzling Flash    |       |     6 |     8 |     2 |       |       ||    16
         Iskenderun's Myst |       |       |    25 |   114 |    79 |       ||   218
         Fulminant Prism   |       |       |     9 |    18 |       |       ||    27
         Summon Guardian G |       |       |     4 |    14 |     1 |       ||    19
         Summon Lightning  |       |       |       |    12 |     4 |       ||    16
         Freezing Cloud    |       |       |       |       |   172 |     5 ||   177
         Starburst         |       |       |       |       |     7 |   106 ||   113
    Use: Scroll            |     5 |     2 |     5 |    11 |     6 |     3 ||    32
         Potion            |       |     1 |     1 |     2 |     1 |       ||     5
   Stab: Sleeping          |       |       |       |     1 |     1 |       ||     2
         Distracted        |       |       |       |       |     1 |       ||     1
 Armour: Robe              |       |    10 |     5 |    26 |     7 |       ||    48
         Ring mail         |       |       |       |       |       |    13 ||    13
  Dodge: Dodged            |     4 |    61 |    26 |    46 |    33 |    26 ||   196
  Block: Buckler           |       |       |       |       |       |    13 ||    13
